AoeStats
← Icewind

MegaRandom

507837775Analyzed
2v2 RM · 14d ago on Sep 19, 2026· 60m 3s· 4 players
Game mode
Random Map
Map size
Medium (4 player)
Population
200
Speed
Normal
Resources
Standard
Victory
Conquest
Starting age
Dark Age
Ending age
Imperial Age
RankedLock teamsTeams togetherTeam positionsShared explorationLock speedFull tech treeHidden civsTurbo modeCheats
Victory
Defeat
🇨🇳 Bulgarians · China
1098
+16
🇨🇿 Romans · Czechia
1087
+16
🇨🇱 Gurjaras · Chile
1102
-16
🇨🇱 Spanish · Chile
1099
-16
Icewind
11:02 Feudal Age
11:36 Double-Bit Axe
12:37 Scale Mail Armor
12:35 Loom
12:52 Man-at-Arms
20:20 Castle Age
19:52 Stone Mining
21:31 Squires
32:32 Horse Collar
36:06 Wheelbarrow
37:30 Bow Saw
40:09 Hand Cart
48:37 Long Swordsman
48:37 Pikeman
53:55 Pikeman
IDIOT DONT PLAY
7:42 Loom
9:59 Feudal Age
10:28 Horse Collar
10:35 Double-Bit Axe
16:17 Forging
16:52 Scale Mail Armor
21:28 Castle Age
19:54 Stone Mining
19:59 Gold Mining
22:53 Scale Barding Armor
23:00 Heavy Plow
22:44 Fishing Lines
23:19 Bow Saw
24:02 Chain Barding Armor
25:15 Gold Shaft Mining
25:40 Husbandry
25:50 Bloodlines
26:29 Wheelbarrow
32:12 Hand Cart
32:50 Iron Casting
32:10 Fletching
32:36 Chain Mail Armor
37:17 Imperial Age
36:13 Medium Warships
37:34 Elite Konnik
38:34 Conscription
38:10 Stirrups
39:00 Plate Barding Armor
40:56 Squires
41:58 Blast Furnace
41:29 Plate Mail Armor
40:48 Town Watch
45:29 Stone Shaft Mining
53:42 Caravan
54:44 Crop Rotation
54:48 Gillnets
57:27 Bodkin Arrow
56:59 Light Cavalry
JoacoPro
13:17 Feudal Age
12:28 Loom
16:07 Double-Bit Axe
18:08 Fletching
19:45 Padded Archer Armor
20:53 Gold Mining
20:49 Horse Collar
23:21 Castle Age
24:29 Thumb Ring
23:45 Crossbowman
30:58 Wheelbarrow
30:17 Fishing Lines
39:58 Bloodlines
46:48 Heavy Plow
47:40 Forging
49:35 Hand Cart
56:32 Gold Shaft Mining
57:50 Gillnets
LW | Kike25_
6:31 Loom
11:37 Feudal Age
17:25 Castle Age
18:55 Loom
19:46 Wheelbarrow
35:10 Imperial Age
34:12 Horse Collar
38:51 Pikeman
40:20 Conscription
49:48 Fletching
50:08 Forging
50:04 Scale Barding Armor
50:05 Husbandry
51:16 Heavy Plow
51:40 Hand Cart
52:22 Bloodlines
51:34 Light Cavalry
56:41 Chemistry
55:16 Hussar
56:34 Chain Barding Armor
56:50 Iron Casting
Connection lost

Rejoining the realm…

Still unreachable

The connection could not be restored.

Session expired

The server has moved on; the page needs a fresh start.